 Dungeon Crawl Stone Soup version 0.27.1-1-g398f81649c (webtiles) character file.

Game seed: 12379847808936914142

121 Descartes the Covert (level 4, -7/23 HPs)
             Began as a Spriggan Delver on Sept 18, 2021.
             Mangled by Blork the orc (10 damage)
             ... on level 4 of the Dungeon.
             The game lasted 00:01:03 (196 turns).

Descartes the Covert (Spriggan Delver)               Turns: 196, Time: 00:01:03

Health: -7/23      AC:  2    Str:  9    XL:     4   Next: 77%
Magic:  5/5        EV: 19    Int: 11    God:
Gold:   0          SH:  0    Dex: 16    Spells: 3/3 levels left

rFire    . . .     SeeInvis +   a - +0 short sword
rCold    . . .     Faith    .   (shield restricted)
rNeg     . . .     Spirit   .   b - +0 robe
rPois    .         Reflect  .   (helmet restricted)
rElec    .         Harm     .   (no cloak)
rCorr    .         Rampage  .   (gloves unavailable)
Will     .....                  (boots unavailable)
Stlth    ++++......             (no amulet)
HPRegen  0.07/turn              (no ring)
MPRegen  0.09/turn              (no ring)

@: very quick
A: very small, no large weapons, unfitting armour, see invisible, speed 3
a: no special abilities


You were on level 4 of the Dungeon.
You visited 1 branch of the dungeon, and saw 2 of its levels.

Inventory:

Hand Weapons
 a - a +0 short sword (weapon)
Armour
 b - a +0 robe (worn)
Wands
 g - a wand of digging (3)
Scrolls
 c - a scroll of fog
 d - a scroll of magic mapping
 e - a scroll of fear
Potions
 f - a potion of haste


   Skills:
 - Level 2.4 Fighting
 - Level 2.1 Short Blades
 + Level 4.4 Dodging
 * Level 9.4 Stealth


You had 3 spell levels left.
You didn't know any spells.
Your spell library was empty.

Dungeon Overview and Level Annotations

Branches:
Dungeon (5/15)
 Temple: D:4-7

Altars:

Annotations:
D:4 Blork the orc, Ijyb


Innate Abilities, Weirdness & Mutations

You are very small and have problems with some larger weapons.
You are too small for most types of armour.
You have supernaturally acute eyesight. (SInv)
You cover ground extremely quickly. (Speed+++)


Message History

Menkaure is severely damaged.
Menkaure hits you.
You barely miss Menkaure.
Menkaure is severely damaged.
Menkaure misses you.
You hit Menkaure.
Menkaure is severely damaged.
Menkaure barely misses you. x2
You hit Menkaure.
Menkaure is almost destroyed.
Menkaure closely misses you.
You hit Menkaure but do no damage.
Menkaure is almost destroyed.
Menkaure casts a spell at you. Pain shoots through your body!
* * * LOW HITPOINT WARNING * * *
You hit Menkaure.
You destroy Menkaure!
Your Dodging skill gained 2 levels and is now at level 4!
Your Stealth skill gained 2 levels and is now at level 9!
You have reached level 2!
You have reached level 3!
Your experience leads to an increase in your attributes!
Increase (S)trength, (I)ntelligence, or (D)exterity?
You feel stronger.
You have reached level 4!
You start resting.
Blork the orc comes into view.
He is wielding a +0 hand axe.
Blork the orc screams, "I'm going to kill you!"
You hit Blork the orc but do no damage. You hit Blork the orc but do no damage.
Blork the orc casts a cantrip, but nothing happens.
You hit Blork the orc.
Blork the orc is lightly wounded.
Blork the orc hits you with a +0 hand axe.
* * * LOW HITPOINT WARNING * * *
You hit Blork the orc but do no damage.
Blork the orc is lightly wounded.
Blork the orc hits you with a +0 hand axe!
You die...

### ........
###.# #.........
##..## #.......
##>..### #......
##......#
#....###.#.....#
#....#..##o....#
#..#..###@....#
#....###......#
##..## #......#
###..## #####..#
#....# ####
#......#
#.......#
......M..#
.........#


You could see Blork the orc.

Vanquished Creatures
  Menkaure (D:4)
  An endoplasm (D:4)
2 creatures vanquished.

Notes
Turn   | Place    | Note
-------+----------+-------------------------------------------
     0 | D:5      | Descartes the Spriggan Delver began the quest for the Orb.
     0 | D:5      | Reached XP level 1. HP: 11/11 MP: 2/2
     8 | D:5      | Noticed an orc wizard
    24 | D:5      | Noticed an orc wizard
    25 | D:5      | Noticed an orc priest
   128 | D:4      | Noticed a jelly
   129 | D:4      | Noticed Menkaure
   130 | D:4      | Noticed Ijyb
   168 | D:4      | Killed Menkaure
   169 | D:4      | Reached skill level 9 in Stealth
   169 | D:4      | Reached XP level 2. HP: 4/16 MP: 3/3
   169 | D:4      | Reached XP level 3. HP: 5/19 MP: 4/4
   169 | D:4      | Reached XP level 4. HP: 6/23 MP: 5/5
   190 | D:4      | Noticed Blork the orc
   196 | D:4      | Mangled by Blork the orc

Illustrated notes

Levels and vault maps discovered:
D:4:      layout_cave_pods, chequers_temple_overflow_statue_of_worship,
          guppyfry_early_orc_mine, uniq_natasha, uniq_blork_the_orc, uniq_ijyb,
          uniq_menkaure
D:5:      layout_basic, amcnicky_altar_gilded, guppyfry_shop_venom

Skill      XL: |  1 |
---------------+----+-----
Dodging        | 4 |  4.4
Stealth        | 9 |  9.4
Fighting       | |  2.4
Short Blades   | |  2.1

Action                   |  1- 3 |  4- 6 || total
-------------------------+-------+-------++-------
Melee: Short sword       |    14 |     4 ||    18
 Stab: Sleeping          |     1 |       ||     1
Dodge: Dodged            |     8 |       ||     8
